Map: Tourmaline LE

Players

Protoss - Winner!

  • Race: Protoss Protoss
  • League: Diamond
  • Spawn Location: 7:00

DmitryK

  • Race: Terran Terran
  • League: Platinum
  • Spawn Location: 1:00

VOD

Have the link to the VOD?

Description

Time

  • Played on: Jan. 11, 2026, 9:26 p.m.
  • Length: 4:58
Show
View Real Time Build Order
Export as new Build Order

Protoss Protoss - Winner!

Build Orders: 1 Gate Expand 

Get SALT Encoding   

  12  0:01  Probe  
  13  0:15  Pylon  
  13  0:16  Probe  
  14  0:30  Probe  
  14  0:33  Gateway  
  15  0:39  Probe  
  16  0:47  Probe  
  16  0:53  Assimilator  
  16  0:57  Probe  
  18  1:19  Nexus  
  18  1:28  Probe  
  18  1:29  Cybernetics Core  
  19  1:37  Probe  
  19  1:38  Assimilator  
  20  1:48  Pylon  
  20  1:51  Probe  
  21  2:00  Warp Gate  
  21  2:03  Stalker  
  23  2:16  Probe  
  24  2:29  Probe  
  25  2:34  Stalker  
  27  2:46  Twilight Council  
  27  2:50  Gateway  
  26  2:54  Probe  
  26  2:55  Probe  
  26  2:57  Charge  
  28  3:05  Stalker  
  28  3:06  Probe  
  28  3:08  Probe  
  32  3:16  Pylon  
  32  3:18  Probe  
  33  3:26  Probe  
  34  3:30  Probe  
  35  3:34  Shield Battery  
  35  3:38  Probe  
  36  3:43  Probe  
  36  3:47  Robotics Facility  
  37  3:51  Stalker  
  39  3:57  Zealot  
  41  4:12  Pylon  
  41  4:13  Shield Battery  
  41  4:15  Probe x2  
  43  4:17  Assimilator  
  43  4:18  Zealot  
  43  4:20  Zealot  
  51  4:41  Zealot  
Show
View Real Time Build Order
Export as new Build Order

DmitryK Terran 

Build Orders:  

Get SALT Encoding   

  12  0:00  SCV  
  13  0:12  SCV  
  14  0:17  Supply Depot  
  14  0:24  SCV  
  15  0:39  SCV  
  15  0:40  Barracks  
  16  0:44  Refinery  
  16  0:51  SCV  
  16  0:54  Refinery  
  17  1:03  SCV  
  18  1:06  Supply Depot  
  18  1:15  SCV  
  19  1:30  Reaper  
  19  1:31  Orbital Command  
  20  1:51  Factory  
  20  1:56  SCV  
  21  2:02  Barracks Reactor  
  21  2:08  SCV  
  22  2:20  SCV  
  23  2:28  Command Center  
  23  2:32  SCV  
  24  2:38  Factory Tech Lab  
  23  2:44  Marine x2  
  25  2:57  Siege Tank  
  28  2:59  SCV  
  28  3:02  Marine  
  28  3:04  Marine  
  31  3:12  Starport  
  31  3:18  Supply Depot  
  31  3:22  Marine, SCV  
  33  3:32  Siege Tank  
  36  3:35  SCV  
  37  3:41  Marine  
  37  3:45  Marine  
  37  3:47  SCV  
  40  3:54  Starport Tech Lab  
  40  4:02  Orbital Command  
  40  4:03  Refinery  
  40  4:13  Siege Tank  
  46  4:24  Marine  
  46  4:30  Marine  
  48  4:32  SCV  
  49  4:42  Bunker  
Tags
 
Add a new tag
Caveats
  • Supply blocks, unpowered buildings, or Contaminate may cause inaccurate times.
  • Supply counts are checked every 10 seconds.